Map: Ruins of Seras

Players

Chris (MCanning) - Winner!

  • Race: Protoss Protoss
  • League: Grandmaster

kiddin

  • Race: Terran Terran
  • League: Grandmaster

VOD

https://www.youtube.com/watch?v=4roExUBoZZ8

Description

This is basically the build I go for in PvT every single game, I would like you to keep in mine that the specifics of when to go for things isn't as important as the general idea. As long as you are making progress getting to blink stalker disruptor and going towards that composition, don't get to put off by the timings. Every game is different and things can happen that can mess up your timings, so take them as you can.

The build order up to 3gate robo
14 pylon
15 gateway
17 assimilator [don't start mining]
[side note: you can do the same build going for assimilator+ cybo core and expo on 21 if you are scared of reaper/playing on a small map]
19 nexus
[start mining your gas]
21 cybo core
21 second assimilator
22 pylon
24 make mothership core
24+ make adept and warp gate note [MSC, adept and warp gate should happen at a similar time, just keep in mind it goes msc-> adept -> wg
[keep constant chrono on both nexus]
30~ [optional: stalker or sentry, sentry can be nice for scouting/stalker for defense]
32~ make twilight
36/37- make two additional gateways
38- start blink
39/40 start robo
[other notes: if you think its factory first or widow mine/cloak banshee go robo BEFORE additional two gateways, the obs will be out in time. It would similar timings but just robo before 2 gates.]
[also its okay to throw in
43/44 supply both assimilators at natural. note: this should be done when your prob saturation at natural is at about 14-16 workers, which you should have by this time [4min:45sec]
The build can change here depending on what you are up against, I would recommend going up to 5/6 gateways here, as well as robo bay and one forge [two if you are comfortable with it]. This 5/6 blink disruption will keep you safe and you will be able to take a third and potentially go for some aggression, each game is different so try making choices on what you feel is right!

Time

  • Played on: Nov. 20, 2015, 11:49 p.m.
  • Length: 12:33
Show
View Real Time Build Order
Export as new Build Order

Chris Protoss - Winner!

Build Orders: 1 Gate Expand, Blink Stalkers 

Get SALT Encoding   

  12  0:01  Probe (Chrono Boost)  
  13  0:12  Probe (Chrono Boost)  
  14  0:19  Pylon  
  14  0:23  Probe (Chrono Boost)  
  15  0:38  Probe (Chrono Boost)  
  15  0:39  Gateway  
  16  0:48  Probe (Chrono Boost)  
  17  0:59  Probe (Chrono Boost), Assimilator  
  18  1:09  Probe (Chrono Boost)  
  19  1:27  Nexus  
  19  1:28  Probe (Chrono Boost)  
  20  1:38  Probe (Chrono Boost)  
  21  1:40  Cybernetics Core  
  21  1:46  Assimilator  
  21  1:49  Probe (Chrono Boost)  
  22  2:00  Probe (Chrono Boost)  
  23  2:11  Pylon  
  23  2:26  Warp Gate  
  23  2:29  Mothership Core (Chrono Boost), Adept  
  27  2:40  Pylon  
  27  2:41  Probe (Chrono Boost)  
  29  2:51  Probe (Chrono Boost)  
  29  2:55  Stalker  
  31  3:01  Probe (Chrono Boost)  
  31  3:02  Pylon  
  31  3:04  Probe (Chrono Boost)  
  33  3:08  Twilight Council  
  33  3:12  Probe (Chrono Boost)  
  33  3:21  Probe (Chrono Boost)  
  33  3:24  Probe (Chrono Boost)  
  35  3:32  Probe (Chrono Boost)  
  36  3:40  Probe (Chrono Boost)  
  37  3:41  Blink (Chrono Boost)  
  37  3:43  Probe (Chrono Boost), Gateway  
  37  3:44  Gateway  
  38  3:53  Probe (Chrono Boost)  
  39  4:09  Probe (Chrono Boost)  
  40  4:12  Probe (Chrono Boost)  
  40  4:13  Robotics Facility  
  40  4:14  Pylon  
  41  4:19  Probe (Chrono Boost)  
  41  4:22  Probe, Assimilator  
  43  4:26  Assimilator  
  40  4:31  Probe  
  40  4:33  Probe  
  40  4:38  Gateway  
  42  4:43  Probe x2  
  44  4:54  Probe  
  44  4:55  Probe  
  46  5:01  Observer (Chrono Boost)  
  46  5:05  Stalker x2  
  46  5:06  Probe  
  52  5:07  Stalker, Probe  
  55  5:16  Pylon  
  55  5:19  Probe  
  55  5:20  Probe  
  57  5:24  Observer (Chrono Boost)  
  57  5:25  Pylon  
  58  5:31  Probe  
  58  5:32  Probe  
  60  5:42  Stalker x3, Observer (Chrono Boost)  
  65  5:43  Probe  
  65  5:44  Probe  
  65  5:48  Pylon  
  69  5:52  Forge  
  69  5:54  Robotics Bay  
  69  5:55  Probe  
  69  5:56  Probe  
  71  6:07  Probe  
  72  6:11  Gateway, Warp Prism (Chrono Boost)  
  72  6:13  Pylon  
  74  6:20  Zealot x3  
  80  6:33  Protoss Ground Weapons Level 1  
  80  6:35  Pylon  
  80  6:36  Stalker  
  80  6:48  Disruptor (Chrono Boost), Pylon  
  80  6:52  Pylon  
  83  6:57  Stalker  
  83  6:58  Stalker x2  
  89  7:07  Probe  
  90  7:09  Pylon  
  90  7:11  Adept  
  83  7:24  Stalker x4  
  88  7:30  Robotics Facility  
  88  7:33  Adept  
  90  7:40  Probe  
  90  7:41  Probe  
  88  7:48  Adept x4  
  96  7:52  Probe  
  93  8:03  Nexus  
  93  8:17  Zealot  
  93  8:18  Probe  
  96  8:20  Probe  
  96  8:24  Disruptor (Chrono Boost)  
  100  8:30  Probe  
  100  8:32  Mothership Core, Pylon  
  103  8:34  Pylon  
  103  8:37  Pylon  
  103  8:42  Probe, Adept x2  
  103  8:43  Adept x3  
  107  8:56  Disruptor (Chrono Boost)  
  110  9:06  Stalker x5  
  110  9:09  Protoss Ground Weapons Level 2 (Chrono Boost)  
  120  9:27  Disruptor (Chrono Boost)  
  120  9:29  Nexus  
  123  9:31  Pylon  
  123  9:38  Probe  
  123  9:45  Resonating Glaives  
  124  9:49  Probe  
  125  9:56  Pylon  
  125  10:00  Probe  
  125  10:02  Disruptor (Chrono Boost), Pylon x2  
  125  10:05  Adept  
  125  10:06  Adept, Assimilator  
  133  10:09  Assimilator  
  133  10:11  Adept  
  135  10:16  Probe  
  134  10:31  Adept x4  
  134  10:34  Disruptor (Chrono Boost)  
  144  10:44  Probe  
  144  10:46  Probe  
  144  10:49  Adept  
  141  11:00  Disruptor (Chrono Boost)  
  141  11:01  Nexus  
  141  11:02  Pylon  
  141  11:10  Stalker x2  
  141  11:11  Stalker x2  
  146  11:21  Probe  
  147  11:40  Probe  
  147  11:43  Probe  
  147  11:45  Adept  
  147  11:46  Adept x3  
  157  11:47  Adept  
  157  11:52  Disruptor  
  153  11:54  Probe  
  149  12:29  Stalker x5  
Show
View Real Time Build Order
Export as new Build Order

kiddin Terran 

Build Orders: Reaper Expand, MMM Bio 

Get SALT Encoding   

  12  0:00  SCV  
  13  0:13  SCV  
  14  0:18  Supply Depot  
  14  0:25  SCV  
  15  0:35  Refinery  
  15  0:40  SCV  
  16  0:45  Barracks  
  16  0:52  SCV  
  17  1:04  SCV  
  18  1:16  SCV  
  19  1:32  Reaper, Orbital Command  
  20  1:34  Supply Depot  
  20  1:59  Command Center  
  20  2:00  SCV  
  21  2:04  Barracks Reactor  
  21  2:12  SCV  
  22  2:25  SCV  
  23  2:37  SCV  
  24  2:41  Marine x2  
  26  2:49  SCV, Barracks  
  27  2:53  Factory  
  27  2:59  Barracks, Marine  
  27  3:00  Marine  
  27  3:01  SCV  
  30  3:11  Orbital Command  
  30  3:13  SCV  
  30  3:17  Marine  
  30  3:18  Marine  
  33  3:25  SCV  
  34  3:37  SCV  
  34  3:38  Barracks Tech Lab, Orbital Command  
  35  3:45  Marine  
  36  3:49  SCV, Widow Mine  
  36  3:54  Supply Depot  
  39  3:56  Refinery  
  39  3:58  Marine x2  
  39  3:59  Stimpack  
  39  4:01  SCV  
  42  4:05  SCV  
  42  4:12  Engineering Bay  
  42  4:13  SCV  
  43  4:17  SCV  
  43  4:18  Widow Mine  
  43  4:21  Marine  
  47  4:25  SCV  
  47  4:29  SCV  
  47  4:30  Marine  
  47  4:31  Factory, Marine  
  52  4:34  Supply Depot  
  52  4:38  SCV  
  52  4:42  SCV  
  52  4:43  Barracks Tech Lab  
  53  4:47  Starport  
  53  4:50  SCV  
  53  4:52  Barracks  
  54  4:53  Barracks  
  54  4:54  SCV  
  55  5:00  Marauder  
  55  5:01  Concussive Shells, Marauder  
  55  5:02  SCV  
  55  5:05  Refinery  
  55  5:06  SCV, Missile Turret  
  59  5:07  Refinery  
  59  5:09  Terran Infantry Weapons Level 1  
  59  5:14  Marine x2  
  60  5:19  Supply Depot  
  60  5:21  Marine  
  62  5:24  Starport Reactor  
  62  5:30  SCV x2  
  62  5:31  Supply Depot  
  62  5:41  Barracks Tech Lab  
  62  5:42  SCV x2  
  64  5:43  Combat Shields  
  64  5:44  Marine, Marauder x2  
  64  5:47  Barracks Tech Lab, Marine  
  70  5:58  Supply Depot x2  
  70  6:00  Medivac  
  70  6:01  Medivac  
  70  6:03  Marauder  
  76  6:06  Marauder  
  78  6:13  Supply Depot  
  78  6:19  Marine  
  78  6:20  Marauder  
  78  6:24  Supply Depot  
  81  6:30  Medivac, Marine  
  81  6:31  Marine, Marauder, Medivac  
  88  6:37  Supply Depot  
  88  6:40  Marauder, Marine  
  88  6:46  Marauder  
  93  6:48  Marine  
  94  6:59  Marine  
  95  7:02  Marauder  
  95  7:06  Command Center  
  95  7:07  Marine  
  95  7:08  Marauder, Marine  
  101  7:10  Marine  
  99  7:17  Marine  
  80  7:23  Marine  
  80  7:25  Marine  
  80  7:26  Marine  
  80  7:28  Marine  
  80  7:29  Marine  
  80  7:35  Marine  
  80  7:41  Marauder  
  80  7:42  Marine  
  80  7:44  Marauder  
  80  7:46  Marauder  
  80  7:48  Marauder  
  76  7:52  Marine  
  74  8:00  Marine  
  74  8:02  Marauder  
  77  8:05  Marauder  
  77  8:06  Medivac x2  
  77  8:07  Marine  
  77  8:09  Marauder  
  77  8:10  Marine  
  85  8:18  Marine  
  86  8:20  Command Center  
  86  8:24  Marauder  
  86  8:25  Marine  
  86  8:26  Marine  
  90  8:28  Marine  
  90  8:30  Marauder  
  92  8:36  Marine  
  93  8:43  Marauder  
  93  8:44  Marine  
  93  8:45  Marine  
  93  8:46  Marine  
  98  8:51  Marine  
  98  8:54  Marine  
  100  8:57  Viking x2  
  100  8:58  Terran Infantry Armor Level 1  
  100  9:00  SCV x2  
  103  9:02  Marine, Marauder  
  103  9:04  Marine  
  103  9:05  Marauder  
  103  9:08  Armory  
  103  9:09  Marine  
  108  9:12  SCV x2, Marine  
  108  9:15  Liberator x2  
  111  9:17  Supply Depot  
  111  9:21  Marine, Marauder  
  111  9:22  Supply Depot  
  116  9:24  Marauder  
  116  9:26  Marine  
  117  9:38  Marine  
  124  9:40  Marine  
  125  9:50  Orbital Command  
  125  9:57  Marauder, Marine x3  
  125  9:58  Liberator x2  
  130  10:08  Marine  
  130  10:09  Supply Depot  
  130  10:11  Marine  
  132  10:14  Marine  
  132  10:15  Marine  
  139  10:27  Marine  
  139  10:28  Marauder, Marine  
  138  10:31  Marauder  
  138  10:32  Marine  
  138  10:33  Marine  
  117  10:45  Marine  
  117  10:46  Marauder  
  117  10:47  Liberator  
  117  10:49  Orbital Command, Marine  
  97  10:50  Marine  
  97  10:52  Marauder x2  
  98  11:03  Marine  
  99  11:05  Liberator  
  99  11:07  Marine  
  99  11:10  Marine  
  104  11:13  Marine  
  92  11:28  Marine  
  92  11:31  Marauder  
  92  11:32  Marine  
  87  11:43  Marine  
  87  11:44  Marauder  
  87  11:46  Marauder, Marine  
  76  11:47  Medivac  
  76  11:50  Marine  
  70  12:00  Marine  
Tags
 
Add a new tag
Caveats
  • Supply blocks, unpowered buildings, or Contaminate may cause inaccurate times.
  • Supply counts are checked every 10 seconds.